 Dungeon Crawl Stone Soup version 0.23.0 (webtiles) character file.

Game seed: 3632471149239418026

9687 Laan the Thaumaturge (level 11, 0/97 HPs)
             Began as a Gnoll Wizard on Feb 13, 2019.
             Was a Follower of Ashenzari.
             Slain by a basilisk (4 damage)
             ... while petrified by a basilisk
             ... on level 1 of the Lair of Beasts.
             The game lasted 00:54:21 (14331 turns).

Laan the Thaumaturge (Gnoll Wizard)                Turns: 14331, Time: 00:54:22

Health: 0/97       AC:  7    Str: 12    XL:     11   Next: 50%
Magic:  24/24      EV:  1    Int: 24    God:    Ashenzari [*.....]
Gold:   674        SH:  0    Dex: 14    Spells: 11/29 levels left

rFire    . . .     SeeInvis .     - Unarmed
rCold    + + +     Gourm    .   (shield currently unavailable)
rNeg     + + +     Faith    .   (armour currently unavailable)
rPois    ∞         Spirit   .   (helmet currently unavailable)
rElec    .         Reflect  .   (cloak currently unavailable)
rCorr    .         Harm     .   (gloves currently unavailable)
MR       .....                  (boots currently unavailable)
Stlth    ++++......             i - amulet of the acrobat
HPRegen  0.26/turn              E - ring of protection from fire
MPRegen  0.19/turn              C - +3 ring of strength

@: ice-form, petrified
A: large, distributed training, strong nose
a: End Transformation, Curse Item, Scrying, Renounce Religion


You were on level 1 of the Lair of Beasts.
You worshipped Ashenzari.
Ashenzari was aware of your devotion.
You were not hungry.
You were a creature of crystalline ice.
You visited 3 branches of the dungeon, and saw 11 of its levels.

You collected 674 gold pieces.

Inventory:

Armour
 b - a +0 hat (melded)
 e - a +2 robe of cold resistance (melded)
 h - a +0 pair of boots (melded)
 o - a +0 buckler (melded)
 u - a +0 leather armour of fire resistance
Magical Staves
 q - a cursed staff of power (melded)
Jewellery
 i - an amulet of the acrobat (around neck)
 C - a +3 ring of strength (right front paw)
 E - a ring of protection from fire (left front paw)
 M - an uncursed ring of wizardry
Wands
 n - a wand of scattershot (1)
 y - a wand of polymorph (6)
 B - a wand of acid (9)
 J - a wand of random effects (15)
Scrolls
 g - a scroll of magic mapping
 j - 2 scrolls of vulnerability
 l - 6 scrolls of teleportation
 s - 4 scrolls of remove curse
 v - a scroll of immolation
 A - a scroll of fog
 G - 4 scrolls of amnesia
 I - a scroll of fear {unknown}
 K - a scroll of enchant weapon
 L - a scroll of enchant armour {unknown}
Potions
 a - a potion of might
 c - 3 potions of agility
 f - 2 potions of heal wounds
 k - 2 potions of brilliance
 m - 2 potions of lignification
 p - 5 potions of curing
 r - 4 potions of mutation
 t - a potion of haste {unknown}
 w - a potion of resistance {unknown}
 x - a potion of degeneration {unknown}
 z - a potion of magic {unknown}
 D - 2 potions of invisibility {unknown}
 F - a potion of cancellation {unknown}
 H - a potion of berserk rage {unknown}
Comestibles
 d - 22 rations


   Skills:
 + Level 6.2 Fighting
 + Level 6.2 Short Blades
 + Level 6.2 Long Blades
 + Level 6.2 Axes
 + Level 6.2 Maces & Flails
 + Level 6.2 Polearms
 + Level 6.2 Staves
 + Level 6.2 Slings
 + Level 6.2 Bows
 + Level 6.2 Crossbows
 + Level 6.2 Throwing
 + Level 6.2 Armour
 + Level 7.8 Dodging
 + Level 7.6 Stealth
 + Level 6.2 Shields
 + Level 6.2 Unarmed Combat
 + Level 9.5 Spellcasting
 + Level 5.6 Conjurations
 + Level 5.1 Hexes
 + Level 5.1 Charms
 + Level 5.6 Summonings
 + Level 5.1 Necromancy
 + Level 5.6 Translocations
 + Level 5.1 Transmutations
 + Level 5.1 Fire Magic
 + Level 5.1 Ice Magic
 + Level 5.1 Air Magic
 + Level 5.1 Earth Magic
 + Level 5.1 Poison Magic
 + Level 6.8 Invocations
 + Level 6.2 Evocations


You had 11 spell levels left.
You knew the following spells:

 Your Spells              Type           Power        Failure   Level  Hunger
a - Magic Dart            Conj           ####         1%          1    None
b - Ice Form              Ice/Tmut       #####...     6%          4    #......
c - Call Imp              Summ           #####...     1%          2    None
d - Conjure Flame         Conj/Fire      #####...     1%          3    None
e - Mephitic Cloud        Conj/Pois/Air  #####...     1%          3    None
f - Blink                 Tloc           N/A          1%          2    None
g - Regeneration          Chrm/Necr      #####.....   1%          3    None

Your spell library contained the following spells:

 Spells                   Type           Power        Failure   Level  Hunger
 Animate Skeleton         Necr           N/A          1%          1    None
 Beastly Appendage        Tmut           #####.       1%          1    None
 Pain                     Necr           ####         1%          1    None
 Shock                    Conj/Air       ####         1%          1    None
 Slow                     Hex            #####...     1%          2    None
 Sticks to Snakes         Tmut           #####...     1%          2    None
 Spider Form              Tmut/Pois      #####.....   1%          3    None
 Vampiric Draining        Necr           #####.....   1%          3    None
 Animate Dead             Necr           N/A          6%          4    #......
 Blade Hands              Tmut           #####.....   19%         5    ####...


Dungeon Overview and Level Annotations

Branches:
Dungeon (9/15)             Temple (1/1) D:6            Lair (1/6) D:8
    Orc: D:9-12

Altars:
Ashenzari
Cheibriados
Dithmenos
Elyvilon
Fedhas
Gozag
Hepliaklqana
Kikubaaqudgha
Makhleb
Nemelex Xobeh
Okawaru
Qazlal
Ru
Sif Muna
Trog
Uskayaw
Vehumet
Wu Jian
Xom
Yredelemnul
Zin
The Shining One
Beogh

Annotations:
D:4 3 runed translucent doors, puimuR's ghost, amateur HOWr


Innate Abilities, Weirdness & Mutations

Your experience applies equally to all skills.
((You have very sharp teeth.))
Your uncanny sense of smell can sniff out nearby items.


Message History

Your skin stops crawling.
The wyvern bites you! The basilisk bites you.
The wyvern bites you! x2; The basilisk bites you.
The wyvern bites you! The basilisk bites you! The wyvern bites you!
The wyvern bites you.
* * * LOW HITPOINT WARNING * * *
The basilisk gazes at you. The wyvern bites you!
* * * LOW HITPOINT WARNING * * *
The basilisk bites you!
* * * LOW HITPOINT WARNING * * *
The wyvern bites you!
* * * LOW HITPOINT WARNING * * *
The wyvern bites you!
* * * LOW HITPOINT WARNING * * *
The basilisk bites you!
* * * LOW HITPOINT WARNING * * *
The wyvern bites you but does no damage.
The basilisk bites you!
You die...

####...# #..## #.......+
###..# #......P. ##P#..#
......... ......#
#......# #####.#
#......# #.# ##...?..+.
##.#########..l....P.
#............Y.....#
.####..>........l.......
........................
###.###.##..####.####.##
# ## ####### ### #


You could see a basilisk and a wyvern.

Vanquished Creatures
  A hydra (Lair:1)
  2 two-headed ogres
  Psyche (D:8)
  2 spiny frogs (Lair:1)
  A komodo dragon (Lair:1)
  A queen bee (D:8)
  3 hippogriffs
  2 blink frogs (Lair:1)
  A basilisk (Lair:1)
  Grum (D:8)
  3 wargs (D:8)
  A porcupine (Lair:1)
  An orc warrior (D:6)
  2 phantoms
  2 sky beasts
  A black bear (D:9)
  3 ogres
  3 centaurs
  A necrophage (D:9)
  4 wolves (D:8)
  3 crocodiles (Lair:1)
  A big kobold (D:9)
  3 bullfrogs
  A wyvern zombie (D:9)
  A water moccasin skeleton (D:4)
  3 scorpions
  19 killer bees
  2 howler monkeys
  5 wights
  5 crimson imps
  2 bullfrog zombies
  3 jellies
  A bullfrog skeleton (D:7)
  4 orc priests
  10 orc wizards
  5 hounds
  10 worker ants
  A mummy (D:5)
  7 gnolls
  14 adders
  A howler monkey skeleton (D:7)
  A shadow imp (D:5)
  An adder zombie (D:6)
  An adder skeleton (D:6)
  2 worms
  2 dart slugs (D:3)
  5 leopard geckos
  24 orcs
  A ball python (D:1)
  7 bats
  4 giant cockroaches
  7 goblins
  3 hobgoblins
  19 jackals
  18 kobolds
  4 quokkas
  A frilled lizard (D:4)
  A goblin zombie (D:5)
  A jackal zombie (D:6)
  A kobold zombie (D:5)
  2 quokka skeletons
  A quokka zombie (D:7)
  8 rats
251 creatures vanquished.

Vanquished Creatures (collateral kills)
  A komodo dragon (D:8)
  2 gnolls (D:2)
  An adder zombie (D:8)
  A worm (D:2)
  An orc (D:8)
  A quokka (D:8)
7 creatures vanquished.

Grand Total: 258 creatures vanquished

Notes
Turn   | Place    | Note
-------+----------+-------------------------------------------
     0 | D:1      | Laan the Gnoll Wizard began the quest for the Orb.
     0 | D:1      | Reached XP level 1. HP: 13/13 MP: 8/8
   605 | D:1      | Reached XP level 2. HP: 19/19 MP: 6/10
   676 | D:1      | Learned a level 2 spell: Blink
   679 | D:1      | Learned a level 2 spell: Call Imp
  1343 | D:2      | Reached XP level 3. HP: 25/25 MP: 2/11
  1752 | D:2      | Reached skill level 1 in Invocations
  1868 | D:2      | Reached skill level 1 in Fighting
  1868 | D:2      | Reached skill level 1 in Short Blades
  1868 | D:2      | Reached skill level 1 in Long Blades
  1868 | D:2      | Reached skill level 1 in Axes
  1868 | D:2      | Reached skill level 1 in Maces & Flails
  1868 | D:2      | Reached skill level 1 in Polearms
  1868 | D:2      | Reached skill level 1 in Staves
  1868 | D:2      | Reached skill level 1 in Slings
  1868 | D:2      | Reached skill level 1 in Bows
  1868 | D:2      | Reached skill level 1 in Crossbows
  1868 | D:2      | Reached skill level 1 in Throwing
  1868 | D:2      | Reached skill level 1 in Armour
  1868 | D:2      | Reached skill level 1 in Shields
  1868 | D:2      | Reached skill level 1 in Unarmed Combat
  1868 | D:2      | Reached skill level 1 in Evocations
  1868 | D:2      | Reached XP level 4. HP: 32/32 MP: 8/13
  1898 | D:2      | Learned a level 3 spell: Conjure Flame
  1902 | D:2      | Learned a level 3 spell: Mephitic Cloud
  2305 | D:2      | Found a sparkling altar of Nemelex Xobeh.
  2320 | D:2      | Reached skill level 1 in Hexes
  2320 | D:2      | Reached skill level 1 in Charms
  2320 | D:2      | Reached skill level 1 in Necromancy
  2320 | D:2      | Reached skill level 1 in Transmutations
  2320 | D:2      | Reached skill level 1 in Fire Magic
  2320 | D:2      | Reached skill level 1 in Ice Magic
  2320 | D:2      | Reached skill level 1 in Air Magic
  2320 | D:2      | Reached skill level 1 in Earth Magic
  2320 | D:2      | Reached skill level 1 in Poison Magic
  2623 | D:2      | Reached XP level 5. HP: 37/37 MP: 5/14
  3485 | D:3      | Reached XP level 6. HP: 44/44 MP: 9/16
  3946 | D:3      | Reached skill level 5 in Dodging
  4821 | D:4      | Noticed a phantom
  4920 | D:4      | Found an ornate altar of the Wu Jian Council.
  5295 | D:4      | Killed a phantom
  5295 | D:4      | Reached XP level 7. HP: 40/50 MP: 14/18
  5795 | D:4      | Reached skill level 5 in Stealth
  6083 | D:4      | Reached XP level 8. HP: 57/57 MP: 11/19
  6251 | D:4      | Found a blossoming altar of Fedhas.
  6313 | D:4      | Found an opulent altar of Gozag.
  6401 | D:4      | Found a runed translucent gate.
  6414 | D:4      | Found a runed translucent gate.
  6414 | D:4      | Found a runed translucent gate.
  6417 | D:4      | Noticed puimuR's ghost (amateur HOWr)
  6420 | D:4      | Found a roughly hewn altar of Beogh.
  6420 | D:4      | Identified the cursed +1 scale mail of Darkness {+Fly
                  | Regen+ Str+2 Dex-4}
  6494 | D:5      | Entered Level 5 of the Dungeon
  6526 | D:5      | Found a white marble altar of Elyvilon.
  6528 | D:5      | You fall through a shaft!
  7655 | D:5      | Reached skill level 8 in Spellcasting
  8548 | D:6      | Reached XP level 9. HP: 65/65 MP: 21/21
  8958 | D:6      | Found a staircase to the Ecumenical Temple.
  8972 | Temple   | Entered the Ecumenical Temple
  9587 | D:7      | Found a glowing silver altar of Zin.
  9625 | D:7      | Found a hazy altar of Hepliaklqana.
  9801 | D:7      | Found a deep blue altar of Sif Muna.
 10645 | D:8      | Noticed a two-headed ogre
 10679 | D:8      | Killed a two-headed ogre
 10679 | D:8      | Reached skill level 5 in Invocations
 10811 | D:8      | Noticed Psyche
 11033 | D:8      | Reached XP level 10. HP: 72/73 MP: 19/22
 11264 | D:8      | Noticed Grum
 11500 | D:8      | Killed Grum
 11584 | D:8      | Reached skill level 5 in Fighting
 11584 | D:8      | Reached skill level 5 in Short Blades
 11584 | D:8      | Reached skill level 5 in Long Blades
 11584 | D:8      | Reached skill level 5 in Axes
 11584 | D:8      | Reached skill level 5 in Maces & Flails
 11584 | D:8      | Reached skill level 5 in Polearms
 11584 | D:8      | Reached skill level 5 in Staves
 11584 | D:8      | Reached skill level 5 in Slings
 11584 | D:8      | Reached skill level 5 in Bows
 11584 | D:8      | Reached skill level 5 in Crossbows
 11584 | D:8      | Reached skill level 5 in Throwing
 11584 | D:8      | Reached skill level 5 in Armour
 11584 | D:8      | Reached skill level 5 in Shields
 11584 | D:8      | Reached skill level 5 in Unarmed Combat
 11584 | D:8      | Reached skill level 5 in Evocations
 11821 | D:8      | Found a staircase to the Lair.
 11835 | D:8      | Killed Psyche
 11990 | D:8      | Reached skill level 9 in Spellcasting
 12173 | D:8      | Found a burning altar of Makhleb.
 12173 | D:8      | Found a radiant altar of Vehumet.
 12646 | D:8      | Reached skill level 5 in Conjurations
 12646 | D:8      | Reached skill level 5 in Summonings
 12646 | D:8      | Reached skill level 5 in Translocations
 12691 | D:7      | Identified Sif Muna's Catalogue of Feathers
 12707 | Lair:1   | Entered Level 1 of the Lair of Beasts
 12948 | D:9      | Learned a level 4 spell: Ice Form
 12988 | D:9      | Noticed a two-headed ogre
 12997 | D:9      | Killed a two-headed ogre
 13054 | D:9      | Found a glowing golden altar of the Shining One.
 13055 | D:9      | Found a shattered altar of Ashenzari.
 13071 | D:9      | Became a worshipper of Ashenzari the Shackled
 13186 | D:9      | Reached XP level 11. HP: 67/81 MP: 24/24
 13648 | Lair:1   | Learned a level 3 spell: Regeneration
 13769 | Lair:1   | Reached skill level 5 in Hexes
 13769 | Lair:1   | Reached skill level 5 in Charms
 13769 | Lair:1   | Reached skill level 5 in Necromancy
 13769 | Lair:1   | Reached skill level 5 in Transmutations
 13769 | Lair:1   | Reached skill level 5 in Fire Magic
 13769 | Lair:1   | Reached skill level 5 in Ice Magic
 13769 | Lair:1   | Reached skill level 5 in Air Magic
 13769 | Lair:1   | Reached skill level 5 in Earth Magic
 13769 | Lair:1   | Reached skill level 5 in Poison Magic
 13986 | Lair:1   | Noticed a five-headed hydra
 14012 | Lair:1   | Killed a five-headed hydra
 14227 | Lair:1   | Reached * piety under Ashenzari
 14330 | Lair:1   | HP: 3/97 [basilisk (6)]
 14331 | Lair:1   | Slain by a basilisk

Skill      XL: |  1  2  3  4  5  6  7  8  9 10 11 |
---------------+----------------------------------+-----
Conjurations   | 2 3 4 5 |  5.6
Summonings     | 2 3 4 5 |  5.6
Translocations | 2 3 4 5 |  5.6
Invocations    | 1 2 3 4 5 6 |  6.8
Fighting       | 1 2 3 4 5 6 |  6.2
Short Blades   | 1 2 3 4 5 6 |  6.2
Long Blades    | 1 2 3 4 5 6 |  6.2
Axes           | 1 2 3 4 5 6 |  6.2
Maces & Flails | 1 2 3 4 5 6 |  6.2
Polearms       | 1 2 3 4 5 6 |  6.2
Staves         | 1 2 3 4 5 6 |  6.2
Slings         | 1 2 3 4 5 6 |  6.2
Bows           | 1 2 3 4 5 6 |  6.2
Crossbows      | 1 2 3 4 5 6 |  6.2
Throwing       | 1 2 3 4 5 6 |  6.2
Armour         | 1 2 3 4 5 6 |  6.2
Shields        | 1 2 3 4 5 6 |  6.2
Unarmed Combat | 1 2 3 4 5 6 |  6.2
Evocations     | 1 2 3 4 5 6 |  6.2
Hexes          | 1 2 3 4 5 |  5.1
Charms         | 1 2 3 4 5 |  5.1
Necromancy     | 1 2 3 4 5 |  5.1
Transmutations | 1 2 3 4 5 |  5.1
Fire Magic     | 1 2 3 4 5 |  5.1
Ice Magic      | 1 2 3 4 5 |  5.1
Air Magic      | 1 2 3 4 5 |  5.1
Earth Magic    | 1 2 3 4 5 |  5.1
Poison Magic   | 1 2 3 4 5 |  5.1
Dodging        | 5 6 7 |  7.8
Stealth        | 5 6 7 |  7.6
Spellcasting   | 8 9 |  9.5

Action                   |  1- 3 |  4- 6 |  7- 9 | 10-12 || total
-------------------------+-------+-------+-------+-------++-------
Melee: Short sword       |     3 |       |       |       ||     3
       Halberd           |       |    13 |       |       ||    13
       Unarmed           |       |       |       |   157 ||   157
 Cast: Magic Dart        |    59 |   243 |   437 |   180 ||   919
       Call Imp          |     9 |     3 |    12 |    20 ||    44
       Blink             |     2 |       |       |       ||     2
       Conjure Flame     |       |     6 |    17 |    12 ||    35
       Mephitic Cloud    |       |     1 |    20 |     9 ||    30
       Ice Form          |       |       |       |    13 ||    13
       Regeneration      |       |       |       |     5 ||     5
Invok: Curse Item        |       |       |       |     1 ||     1
Evoke: Wand              |       |       |       |     3 ||     3
  Use: Scroll            |     1 |       |    19 |     1 ||    21
       Potion            |       |       |       |     1 ||     1
 Stab: Sleeping          |       |       |       |     3 ||     3
  Eat: Chunk             |     3 |    10 |     9 |     9 ||    31
       Ration            |       |       |     2 |     1 ||     3
Armor: Robe              |     4 |    12 |     7 |     2 ||    25
       Skin              |       |       |       |    32 ||    32
Dodge: Dodged            |    23 |    33 |    77 |   147 ||   280
Block: Buckler           |       |       |    17 |    12 ||    29
